 Dungeon Crawl Stone Soup version 0.30.0-20-g3615ddf2f0 (webtiles) character file.

Game seed: 7780789686011975294

4174 qw the Cleaver (level 10, -5/64 HPs)
             Began as a Gargoyle Fighter on May 27, 2023.
             Was an Initiate of Okawaru.
             Slain by a two-headed ogre
             ... wielding a +0 giant club
              (7 damage)
             ... on level 8 of the Dungeon.
             The game lasted 00:04:27 (8492 turns).

qw the Cleaver (Gargoyle Fighter)                   Turns: 8492, Time: 00:04:27

Health: -5/64      AC: 21    Str: 25    XL:     10   Next: 28%
Magic:  10/10      EV:  7    Int:  8    God:    Okawaru [......]
Gold:   370        SH:  4    Dex:  9    Spells: 9/9 levels left

rFire   . . .        Y - +2 war axe
rCold   . . .        c - +0 buckler
rNeg    + . .        i - +0 plate armour
rPois   inf          (no helmet)
rElec   +            h - +0 cloak
rCorr   .            (no gloves)
SInv    +            (no boots)
Will    .....        (no amulet) Stlth
                     o - +4 ring of protection
HPRegen 0.30/turn    s - ring of see invisible
MPRegen 0.12/turn

%: no passive effects
@: about to teleport, corroded
A: sickness immunity, AC +7, negative energy resistance 1, electricity
resistance, torment resistance 1, petrification resistance
a: Renounce Religion


You were on level 8 of the Dungeon.
You worshipped Okawaru.
Okawaru was noncommittal.
You visited 2 branches of the dungeon, and saw 10 of its levels.

You collected 370 gold pieces.


Innate Abilities, Weirdness & Mutations

You are immune to sickness and miasma.
Your stone body is resilient. (AC +7)
You are immune to poison.
You resist negative energy. (rN+)
You are resistant to electric shocks. (rElec)
You are resistant to unholy torment.
You are immune to petrification.


   Skills:
 - Level 8.2 Fighting
 - Level 10.1 Axes
 + Level 2.5 Throwing
 - Level 6.3 Armour
 - Level 1.1 Dodging
 - Level 5.1 Shields


You had 9 spell levels left.
You didn't know any spells.
Your spell library was empty.

Inventory:

Hand Weapons
 u - a +1 heavy morningstar
 Y - a +2 war axe (weapon)
Missiles
 p - 2 javelins (quivered)
 q - 3 boomerangs
Armour
 a - a +0 chain mail of fire resistance
 c - a +0 buckler (worn)
 h - a +0 cloak (worn)
 i - a +0 plate armour (worn)
Jewellery
 l - a ring of positive energy
 o - a +4 ring of protection (left hand)
 s - a ring of see invisible (right hand)
 t - a ring of fire
Scrolls
 m - 2 scrolls of identify
Potions
 b - a potion of heal wounds
 d - 2 potions of might
 e - a potion of resistance
 f - a potion of cancellation
 g - a potion of attraction
 j - a potion of curing {unknown}
 k - a potion of mutation {unknown}
 n - a potion of lignification {unknown}

Dungeon Overview and Level Annotations

Branches:
Dungeon (9/15)             Temple (1/1) D:7
   Lair: D:8-11         Orc: D:9-12

Altars:
Ashenzari
Cheibriados
Dithmenos
Elyvilon
Fedhas
Gozag
Hepliaklqana
Kikubaaqudgha
Makhleb
Nemelex Xobeh
Okawaru
Qazlal
Ru
Sif Muna
Trog
Uskayaw
Vehumet
Xom
Yredelemnul
Zin
The Shining One

Annotations:
D:3 1 runed translucent door, Crazy Yiuf
D:4 3 runed translucent doors, qw's ghost, weakling GrFi
D:5 2 runed translucent doors, qw's ghost, amateur GrFi
D:9 1 runed translucent door


Message History

Enter note:
Enter note:
8480 ||| Stepping ~*~*~tactically~*~*~ (stealth).
You throw a javelin.
The javelin pierces through the two-headed ogre but does no damage.
You hit the two-headed ogre but do no damage.
The two-headed ogre hits you with a +0 giant club!!
The two-headed ogre barely misses you.
You hit the two-headed ogre.
The two-headed ogre is lightly wounded.
The two-headed ogre closely misses you.
The two-headed ogre hits you with a +0 giant club.
You hit the two-headed ogre but do no damage.
The two-headed ogre is lightly wounded.
The two-headed ogre hits you with a +0 giant club!
The two-headed ogre closely misses you.
You slash the two-headed ogre!
The two-headed ogre is moderately wounded.
An acid dragon comes into view.
You slice the two-headed ogre!!
The two-headed ogre is severely wounded.
You block the two-headed ogre's attack. The two-headed ogre barely misses you.
You hit the two-headed ogre.
The two-headed ogre is severely wounded.
The acid dragon spits acid at you.
The splash of acid hits you but does no damage.
The acid corrodes you!
The two-headed ogre closely misses you. x2
You hit the two-headed ogre.
The two-headed ogre is almost dead.
You closely miss the two-headed ogre.
The two-headed ogre is almost dead.
The two-headed ogre barely misses you.
The two-headed ogre hits you but does no damage.
The acid dragon spits acid at you. The splash of acid hits you!!
The acid corrodes you!
8492 ||| READING scroll of teleportation.
As you read the scroll of teleportation, it crumbles to dust.
You feel strangely unstable.
The two-headed ogre hits you with a +0 giant club!
You die...

#...##............#
#...#.#..........# #..#
#....#.##......## ...#
#.....##.#....#.# .....
#.....#.#.#..#.#.#......
#......#.##..##.#......#
#.......##....##.......#
#......................#
#..............@......#
#.......##....##O..D..###
#......#.##..##.#.......##
...#.#.#..#.#.#).......
..##.#)...#.##....#.#.
#.##)(....##.#...#
#.#..()......#.#.(..#
##............##..###
#................#.#


You could see a two-headed ogre and an acid dragon (catching breath).

Vanquished Creatures
  Maggie (D:7)
  A hornet (D:7)
  A shadow (D:6)
  A wyvern (D:9)
  A steam dragon (D:7)
  Menkaure (D:7)
  A water moccasin (D:7)
  An orc warrior (D:8)
  An ice beast (D:6)
  2 sky beasts (D:7)
  An ogre (D:5)
  A centaur (D:6)
  2 phantoms (D:5)
  2 kobold brigands
  3 bullfrogs
  2 gnoll sergeants
  5 scorpions (D:6)
  7 wights
  5 killer bees (D:7)
  5 hounds
  A gnoll bouda (D:5)
  2 jellies
  5 orc priests
  A sleepcap (D:6)
  3 iguanas (D:5)
  7 orc wizards
  15 adders
  7 gnolls
  A shadow imp (D:5)
  A white imp (D:6)
  2 ufetubi
  A worm (D:2)
  5 dart slugs
  23 orcs
  6 bats
  8 endoplasms
  2 giant cockroaches
  6 goblins
  8 hobgoblins
  13 jackals
  8 quokkas
  9 ball pythons
  6 frilled lizards
  21 kobolds
  6 rats
211 creatures vanquished.

Notes
Turn   | Place    | Note
-------+----------+-------------------------------------------
     0 | D:1      | qw the Gargoyle Fighter began the quest for the Orb.
     0 | D:1      | Reached XP level 1. HP: 14/14 MP: 1/1
     0 | D:1      | 0 ||| qw: Version: 0.2-a-100-g3d2c45e
     0 | D:1      | 0 ||| qw: Game counter: 199
     0 | D:1      | 0 ||| qw: Always use a shield: true
     0 | D:1      | 0 ||| qw: God list: Okawaru
     0 | D:1      | 0 ||| qw: Allow faded altars: false
     0 | D:1      | 0 ||| qw: Do Orc after D:15 true
     0 | D:1      | 0 ||| qw: Do second Lair branch before Depths: true
     0 | D:1      | 0 ||| qw: Lair rune preference: random
     0 | D:1      | 0 ||| qw: Plans: Normal, Zot:1-4, God:TSO, Crypt, Tomb,
                  | Pan, Slime:5, Hells, Abyss, Win
     0 | D:1      | 0 ||| PLANNING D:1-11
    21 | D:1      | Reached skill level 2 in Axes
   116 | D:1      | Reached XP level 2. HP: 19/19 MP: 2/2
   454 | D:1      | 454 ||| Stepping ~*~*~tactically~*~*~ (stealth).
   467 | D:1      | Reached skill level 3 in Axes
   473 | D:1      | Reached XP level 3. HP: 23/23 MP: 3/3
   475 | D:1      | Found a faded altar of an unknown god.
  1061 | D:1      | 1061 ||| UPGRADING to +0 cloak.
  1066 | D:1      | 1066 ||| READING scroll labelled BUCVED WOAGAD.
  1067 | D:1      | 1067 ||| READING scroll labelled BEOTHR SOGI.
  1068 | D:1      | 1068 ||| READING scroll labelled PEIRIR SA QEE.
  1069 | D:1      | 1069 ||| READING scroll labelled UCEVIG QIGAU.
  1094 | D:2      | 1094 ||| STAIRDANCE
  1252 | D:2      | 1252 ||| Stepping ~*~*~tactically~*~*~ (stealth).
  1268 | D:2      | Reached XP level 4. HP: 22/28 MP: 4/4
  1303 | D:2      | Identified the +9 mace "Gank" {pain, Drain Int+4}
  1305 | D:2      | 1305 ||| DROPPING +0 mace.
  1468 | D:2      | 1468 ||| Stepping ~*~*~tactically~*~*~ (hiding).
  1528 | D:2      | Reached skill level 4 in Axes
  1775 | D:2      | 1775 ||| Stepping ~*~*~tactically~*~*~ (stealth).
  1912 | D:2      | 1912 ||| READING scroll labelled IXZUZAYMMI.
  1917 | D:2      | 1917 ||| DRINKING 2 clear potions.
  1924 | D:2      | 1924 ||| DRINKING 3 red potions.
  1925 | D:2      | 1925 ||| DROPPING potion of ambrosia.
  1926 | D:2      | 1926 ||| DROPPING 2 potions of degeneration.
  2088 | D:3      | 2088 ||| Stepping ~*~*~tactically~*~*~ (hiding).
  2089 | D:3      | 2089 ||| Stepping ~*~*~tactically~*~*~ (hiding).
  2090 | D:3      | 2090 ||| Stepping ~*~*~tactically~*~*~ (hiding).
  2093 | D:3      | 2093 ||| Stepping ~*~*~tactically~*~*~ (hiding).
  2097 | D:3      | 2097 ||| Stepping ~*~*~tactically~*~*~ (hiding).
  2098 | D:3      | 2098 ||| Stepping ~*~*~tactically~*~*~ (hiding).
  2106 | D:3      | Reached XP level 5. HP: 32/32 MP: 5/5
  2232 | D:3      | Found a runed translucent door.
  2233 | D:3      | Noticed Crazy Yiuf
  2700 | D:3      | 2700 ||| UPGRADING to amulet of guardian spirit.
  2705 | D:3      | 2705 ||| READING 2 scrolls labelled GANNIMN XIRONT.
  2706 | D:3      | 2706 ||| DRINKING 2 emerald potions.
  2707 | D:3      | 2707 ||| DROPPING scroll of magic mapping.
  2798 | D:4      | Reached skill level 5 in Axes
  2886 | D:4      | Found a runed translucent gate.
  2886 | D:4      | Identified the +5 ring mail "Lawyd" {Dex+2}
  2887 | D:4      | Found a runed translucent gate.
  2887 | D:4      | Noticed qw's ghost (weakling GrFi)
  2888 | D:4      | Found a runed translucent gate.
  3026 | D:4      | 3026 ||| Stepping ~*~*~tactically~*~*~ (hiding).
  3309 | D:4      | Reached XP level 6. HP: 39/39 MP: 6/6
  3478 | D:4      | Reached skill level 1 in Dodging
  3591 | D:4      | 3591 ||| DROPPING +9 mace "Gank" {pain, Drain Int+4}.
  3704 | D:4      | 3704 ||| READING 2 scrolls labelled TUNEUT QYFIN.
  3705 | D:4      | 3705 ||| READING scroll labelled SOINTE WOOTS.
  3706 | D:4      | 3706 ||| DROPPING scroll of fear.
  3745 | D:5      | Entered Level 5 of the Dungeon
  3889 | D:5      | Found a large runed translucent door.
  3889 | D:5      | Found a large runed translucent door.
  3891 | D:5      | Noticed qw's ghost (amateur GrFi)
  4023 | D:5      | 4023 ||| Stepping ~*~*~tactically~*~*~ (stealth).
  4025 | D:5      | 4025 ||| Stepping ~*~*~tactically~*~*~ (stealth).
  4028 | D:5      | 4028 ||| Stepping ~*~*~tactically~*~*~ (stealth).
  4046 | D:5      | Reached XP level 7. HP: 40/44 MP: 7/7
  4063 | D:5      | Reached skill level 6 in Axes
  4305 | D:5      | 4305 ||| Stepping ~*~*~tactically~*~*~ (hiding).
  4527 | D:5      | Reached skill level 7 in Axes
  4697 | D:5      | 4697 ||| UPGRADING to +0 plate armour.
  4707 | D:5      | 4707 ||| DROPPING +0 scale mail.
  4708 | D:5      | 4708 ||| UPGRADING to +4 ring of protection.
  4709 | D:5      | 4709 ||| UPGRADING to ring of see invisible.
  4710 | D:5      | 4710 ||| READING scroll labelled XOUJAO JORETOJ.
  4711 | D:5      | 4711 ||| READING scroll labelled YNAACI TUPE.
  4852 | D:6      | Noticed a shadow
  4871 | D:6      | Killed a shadow
  4872 | D:6      | Reached XP level 8. HP: 37/48 MP: 6/8
  5186 | D:6      | Reached skill level 8 in Axes
  5196 | D:6      | Found a snail-covered altar of Cheibriados.
  5432 | D:6      | 5432 ||| Stepping ~*~*~tactically~*~*~ (hiding).
  5464 | D:6      | Reached skill level 6 in Fighting
  5512 | D:6      | You fall into a shaft and drop 3 floors!
  5577 | D:9      | Noticed a wyvern
  5586 | D:9      | Killed a wyvern
  5587 | D:9      | Reached XP level 9. HP: 37/55 MP: 5/9
  5649 | D:9      | Found a runed translucent door.
  5712 | D:9      | Reached skill level 9 in Axes
  5745 | D:9      | 5745 ||| READING scroll labelled CANEQE YMMYNT.
  5746 | D:9      | 5746 ||| READING 3 scrolls of identify.
  5746 | D:9      | 5746 ||| IDENTIFYING sedimented golden potion
  5747 | D:9      | 5747 ||| READING 2 scrolls of identify.
  5747 | D:9      | 5747 ||| IDENTIFYING glowing black potion
  5790 | D:8      | 5790 ||| Stepping ~*~*~tactically~*~*~ (stealth).
  5795 | D:8      | 5795 ||| Stepping ~*~*~tactically~*~*~ (stealth).
  5812 | D:8      | 5812 ||| Stepping ~*~*~tactically~*~*~ (stealth).
  5885 | D:8      | Identified the +9 morningstar "Hojuic" {freeze, Will+
                  | Dex+3}
  5885 | D:8      | Noticed a two-headed ogre
  5896 | D:8      | HP: 12/55 [two-headed ogre/+0 giant club (13)]
  5897 | D:8      | 5897 ||| READING 2 scrolls of teleportation.
  5898 | D:8      | 5898 ||| DRINKING potion of heal wounds.
  6035 | D:8      | 6035 ||| Stepping ~*~*~tactically~*~*~ (stealth).
  6248 | D:7      | Found a staircase to the Ecumenical Temple.
  6249 | D:7      | 6249 ||| PLANNING TEMPLE
  6258 | Temple   | Entered the Ecumenical Temple
  6557 | Temple   | 6557 ||| PLANNING D:1-11
  6719 | D:7      | 6719 ||| Stepping ~*~*~tactically~*~*~ (cloud).
  6729 | D:7      | Reached skill level 6 in Armour
  6768 | D:7      | Found an iron altar of Okawaru.
  6769 | D:7      | 6769 ||| PLANNING OKAWARU WORSHIP
  6769 | D:7      | 6769 ||| READING 2 scrolls of identify.
  6769 | D:7      | 6769 ||| IDENTIFYING green potion
  6777 | D:7      | Became a worshipper of Warmaster Okawaru
  6777 | D:7      | 6777 ||| PLANNING D:1-11
  6778 | D:7      | 6778 ||| REMOVING amulet of guardian spirit.
  6787 | D:7      | 6787 ||| Stepping ~*~*~tactically~*~*~ (hiding).
  6921 | D:7      | 6921 ||| DROPPING +0 flail.
  6934 | D:7      | 6934 ||| DROPPING amulet of guardian spirit.
  6974 | D:6      | 6974 ||| Stepping ~*~*~tactically~*~*~ (hiding).
  6975 | D:6      | 6975 ||| Stepping ~*~*~tactically~*~*~ (hiding).
  6995 | D:6      | 6995 ||| Stepping ~*~*~tactically~*~*~ (hiding).
  6996 | D:6      | 6996 ||| Stepping ~*~*~tactically~*~*~ (hiding).
  6998 | D:6      | 6998 ||| Stepping ~*~*~tactically~*~*~ (hiding).
  7056 | D:6      | 7056 ||| Stepping ~*~*~tactically~*~*~ (stealth).
  7172 | D:7      | Noticed a hornet
  7190 | D:7      | Killed a hornet
  7191 | D:7      | Reached skill level 10 in Axes
  7378 | D:7      | Reached XP level 10. HP: 60/63 MP: 10/10
  7394 | D:7      | 7394 ||| READING scroll of enchant weapon.
  7394 | D:7      | 7394 ||| ENCHANTING +1 war axe.
  7402 | D:7      | Noticed Menkaure
  7403 | D:7      | 7403 ||| Stepping ~*~*~tactically~*~*~ (hiding).
  7410 | D:7      | Killed Menkaure
  7612 | D:7      | 7612 ||| Stepping ~*~*~tactically~*~*~ (hiding).
  8097 | D:7      | Noticed Maggie
  8098 | D:7      | 8098 ||| Stepping ~*~*~tactically~*~*~ (hiding).
  8125 | D:7      | Killed Maggie
  8125 | D:7      | Reached * piety under Okawaru
  8126 | D:7      | 8126 ||| INVOKING Heroism.
  8127 | D:7      | 8127 ||| INVOKING Heroism.
  8275 | D:7      | 8275 ||| DROPPING +0 flail of protection.
  8321 | D:7      | 8321 ||| READING scroll labelled SEELUA XOUWOGY.
  8378 | D:8      | 8378 ||| Stepping ~*~*~tactically~*~*~ (hiding).
  8480 | D:8      | 8480 ||| Stepping ~*~*~tactically~*~*~ (stealth).
  8491 | D:8      | HP: 1/64 [acid dragon/splash of acid (30)]
  8492 | D:8      | 8492 ||| READING scroll of teleportation.
  8492 | D:8      | Slain by a two-headed ogre

Levels and vault maps discovered:
D:1:      minmay_arrival_plants_in_alcoves, layout_basic,
          hellmonk_ecumenical_altar_blasted, serial_aquarium,
          aquarium_bridge_square [aquarium_subvault_balcony,
          aquarium_subvault_wall, aquarium_subvault_wall,
          aquarium_subvault_bridge], aquarium_window_1, aquarium_window_fake,
          aquarium_window_corner, aquarium_window_1, aquarium_view_2d,
          minmay_strange_pillars, roderic_serpentine_path, minmay_cut_off
D:2:      layout_loops_cross
D:3:      layout_basic, kennysheep_cross_room, uniq_crazy_yiuf_cottage
D:4:      layout_gridville, biasface_ghost_orc_armoury
D:5:      layout_loops_ring, ebering_ghost_disaster_area,
          minmay_misc_feat_encased, corner_web_ring
D:6:      minmay_octagon_keep, layout_basic, cheibriados_altar_1,
          nicolae_nh_ransacked_shop
D:7:      layout_cave_pods, mainiacjoe_overflow_chevrons,
          minmay_temple_entry_antechambers, minmay_circle_x, uniq_menkaure,
          uniq_maggie
D:8:      layout_cave_pods, lemuel_round_altar, minmay_misc_feat_secret_circle
D:9:      layout_long_grid, orc_0_dummy, gammafunk_ghost_grave,
          kennysheep_generic_room_13
Temple:   compressed_dpeg_triangle_lava_temple

Skill      XL: |  1  2  3  4  5  6  7  8  9 10 |
---------------+-------------------------------+-----
Axes           | 2 3 4 5 7 8 10 | 10.1
Fighting       | 4 6 7 8 |  8.2
Dodging        | 1 |  1.1
Armour         | 4 5 6 |  6.3
Shields        | 4 5 |  5.1
Throwing       | 2 |  2.5

Action                     |  1- 3 |  4- 6 |  7- 9 | 10-12 || total
---------------------------+-------+-------+-------+-------++-------
  Melee: War axe           |   120 |   209 |   374 |    75 ||   778
  Throw: Javelin           |       |       |       |     7 ||     7
 Invoke: Heroism           |       |       |       |     1 ||     1
    Use: Scroll            |     4 |     4 |     7 |     3 ||    18
         Potion            |       |     3 |     1 |       ||     4
 Armour: Scale mail        |    75 |   109 |    25 |       ||   209
         Plate armour      |       |       |   250 |    39 ||   289
  Dodge: Dodged            |    62 |    81 |   170 |    28 ||   341
  Block: Buckler           |    30 |    37 |    68 |    13 ||   148

Table legend:
 A = Non-vault XP
 B = Vault XP
 C = Vault XP percentage of total XP
 D = Non-vault monster count
 E = Vault monster count
 F = Vault count percentage of total count
                 A         B        C        D         E       F
            +---------+---------+-------+---------+---------+-------
      Total |    4603 |    1360 |  22.8 |     185 |      26 |  12.3
            +---------+---------+-------+---------+---------+-------
        D:1 |      50 |       4 |   7.4 |      29 |       3 |   9.4
        D:2 |      82 |       0 |   0.0 |      24 |       0 |   0.0
        D:3 |      81 |       0 |   0.0 |      19 |       0 |   0.0
        D:4 |     162 |       0 |   0.0 |      26 |       0 |   0.0
        D:5 |     589 |       0 |   0.0 |      17 |       0 |   0.0
        D:6 |    1036 |     455 |  30.5 |      17 |      17 |  50.0
        D:7 |    1493 |     813 |  35.3 |      26 |       5 |  16.1
        D:8 |     621 |       0 |   0.0 |      22 |       0 |   0.0
        D:9 |     489 |      88 |  15.3 |       5 |       1 |  16.7
            +---------+---------+-------+---------+---------+-------
